 Dungeon Crawl Stone Soup version 0.28-a0-728-g0181a31188 (webtiles) character file.

Game seed: 8512573568517798277

64573 GordonOverkill the Fencer (level 15, -6/160 HPs)
             Began as a Djinni Berserker on Oct 28, 2021.
             Was a High Priest of Trog.
             Mangled by a slime creature (8 damage)
             ... on level 13 of the Dungeon.
             The game lasted 00:54:35 (31859 turns).

GordonOverkill the Fencer (Djinni Berserker)       Turns: 31859, Time: 00:54:35

Health: -6/160     AC: 23    Str: 21    XL:     15   Next: 54%
Gold:   886        EV:  5    Int:  9    God:    Trog [*****.] SH: 18 Dex: 14

rFire   + + +      SeeInvis .   a - +6 double sword (vorpal)
rCold   x . .      Faith    .   A - +0 tower shield
rNeg    . . .      Spirit   .   c - +1 plate armour
rPois   ∞          Reflect  .   y - +2 hood of the Assassin {Detection Stab+ Stlth++}
rElec   .          Harm     .   u - +2 cloak
rCorr   .          Rampage  .   n - +0 pair of gloves
Will    +++..                   (boots unavailable)
Stlth   ..........              (no amulet)
HPRegen 0.36/turn               z - ring of willpower
MPRegen 0.00/turn               d - ring of Lytuc {rF+ Will+ Slay+6}

@: berserking (expiring), flying, very quick
A: sickness immunity, fire resistance 2, cold vulnerability 1, float, innate
caster, hp casting, extra vitality 1, iridescent scales 1
a: Renounce Religion, Berserk, Trog's Hand, Brothers in Arms


You were on level 13 of the Dungeon.
You worshipped Trog.
Trog was extremely pleased with you.
You visited 2 branches of the dungeon, and saw 20 of its levels.

You collected 1419 gold pieces.
You spent 533 gold pieces at shops.

Inventory:

Hand Weapons
 a - a +6 vorpal double sword (weapon)
 b - a +1 scimitar of flaming
 J - the +5 rapier of Termination {venom, *Corrode rN+ Dex+4}
   (You found it on level 6 of the Lair of Beasts)

   It poisons the flesh of those it strikes.
   Dex:       It affects your dexterity (+4).
   rN:        It protects you from negative energy.
   *Corrode:  It may corrode you when you take damage.
Missiles
 o - 2 throwing nets (quivered)
Armour
 c - a +1 plate armour (worn)
 f - a +2 helmet
 n - a +0 pair of gloves (worn)
 s - a +0 leather armour of cold resistance
 u - a +2 cloak (worn)
 y - the +2 hood of the Assassin (worn) {Detection Stab+ Stlth++}
   (You acquired it on level 13 of the Dungeon)

   It allows the wearer to sense nearby creatures.
   It allows the wearer to make particularly effective stabbing attacks against
   helpless or unaware enemies with any weapon.
   Stlth:     It makes you much more stealthy.
 A - a +0 tower shield (worn)
Jewellery
 d - the ring of Lytuc (right hand) {rF+ Will+ Slay+6}
   (You acquired it on level 5 of the Lair of Beasts)

   [ring of protection from fire]

   Slay:      It affects your accuracy & damage with ranged weapons and melee
   (+6).
   rF:        It protects you from fire.
   Will:      It increases your willpower.
 h - a ring of positive energy
 z - a ring of willpower (left hand)
 E - a ring of positive energy
 S - an amulet of reflection
Wands
 e - a wand of iceblast (23)
 q - a wand of digging (7)
 w - a wand of paralysis (12)
 B - a wand of polymorph (11)
 H - a wand of charming (4)
 M - a wand of acid (7)
 P - a wand of mindburst (20)
Scrolls
 k - 6 scrolls of blinking
 t - 3 scrolls of identify
 F - a scroll of vulnerability
 G - 2 scrolls of immolation
 I - a scroll of summoning
 N - 5 scrolls of magic mapping
 R - a scroll of brand weapon
 T - 8 scrolls of teleportation
Potions
 g - 3 potions of heal wounds
 i - 3 potions of haste
 j - 5 potions of ambrosia
 l - 4 potions of curing
 m - 3 potions of mutation
 p - 3 potions of lignification
 r - 4 potions of cancellation
 C - 2 potions of berserk rage
 D - 2 potions of resistance
 K - 4 potions of might
 O - a potion of invisibility
Miscellaneous
 v - a box of beasts
 x - a phial of floods
 L - a phantom mirror


   Skills:
 - Level 10.0 Fighting
 - Level 16.0 Long Blades
 - Level 9.0 Armour
 - Level 3.0 Dodging
 + Level 13.2 Shields
 + Level 8.6 Evocations


You couldn't memorise any spells.
You knew the following spells:

 Your Spells              Type           Power      Damage    Failure   Level
a - Summon Small Mammal   Summ           0%         N/A       100%        1
b - Corpse Rot            Necr/Air       0%         N/A       100%        2
c - Static Discharge      Conj/Air       0%         N/A       100%        2
d - Olgreb's Toxic Radia  Pois           0%         N/A       100%        4
e - Summon Lightning Spi  Summ/Air       0%         N/A       100%        4
f - Manifold Assault      Tloc           0%         N/A       100%        5
g - Summon Cactus Giant   Summ           0%         N/A       100%        6
Your spell library was empty.


Dungeon Overview and Level Annotations

Branches:
Dungeon (14/15)            Temple (0/1) D:5            Lair (6/6) D:8
  Swamp (0/4) Lair:2       Spider (0/4) Lair:3        Slime (0/5) Lair:5
    Orc (0/2) D:9          Vaults (0/5) D:13

Altars:
Ashenzari
Cheibriados
Dithmenos
Elyvilon
Gozag
Kikubaaqudgha
Makhleb
Okawaru
Qazlal
Sif Muna
Trog
Yredelemnul
The Shining One
Jiyva

Shops:
D:1 *(   D:2 ((!!   D:7 *   D:11 *   D:12 :

Annotations:
D:8 2 transporters
D:12 exclusion: downstairs
Lair:2 1 runed translucent door, flestrin's ghost, journeyman MfIE


Innate Abilities, Weirdness & Mutations

You are immune to sickness and miasma.
You are immune to poison.
Your flesh is very heat resistant. (rF++)
You are vulnerable to cold. (rC-)
You float through the air rather than walking.
You learn spells naturally, not from books.
Your magical power is your life essence.
You have superior vitality. (+4 HP)
You are partially covered in iridescent scales. (AC +2)


Message History

The centaur warrior kicks you but does no damage.
A cyclops comes into view.
The wolf spider simulacrum barely misses you.
You block the wolf spider simulacrum's attack.
You slice the centaur warrior!!
The centaur warrior is severely wounded.
You block the centaur warrior's attack. x2
The slime creature hits you but does no damage.
You block the slime creature's attack.
An efreet comes into view.
It is wielding a +3 scimitar of flaming.
The rakshasa blinks!
The wolf spider simulacrum hits you.
* * * LOW HITPOINT WARNING * * *
The wolf spider simulacrum freezes you!!
You feel a terrible chill!
* * * LOW HITPOINT WARNING * * *
You block the wolf spider simulacrum's attack.
You slice the centaur warrior like a ripe choko!!!
You kill the centaur warrior!
Trog accepts your kill.
You block the slime creature's attack. x2
You carve the meliai like a ham!!!
You kill the meliai!
Trog accepts your kill. The wolf spider simulacrum hits you.
* * * LOW HITPOINT WARNING * * *
The wolf spider simulacrum freezes you!!
You feel a terrible chill!
* * * LOW HITPOINT WARNING * * *
You block the wolf spider simulacrum's attack.
Your phantom mirror has recharged.
You slice the manticore!!
The manticore is heavily wounded.
The wolf spider simulacrum hits you.
* * * LOW HITPOINT WARNING * * *
The wolf spider simulacrum freezes you!!!
You feel a terrible chill!
* * * LOW HITPOINT WARNING * * *
You block the wolf spider simulacrum's attack.
The slime creature hits you!
You die... .° #CR

..# #..# §R..#
##########....#
..>.....JJ..#
#Z@H..# #.##l.#
#.# .# #)# ..
#.### .. # #...#
.. . ###.### .
###. #...# #...
###.##########...


You could see a rakshasa, 2 slime creatures, a manticore, a cyclops, a komodo
dragon, an efreet and a wolf spider simulacrum.

Vanquished Creatures
  Rupert (D:13)
  A dire elephant (Lair:6)
  Snorg (D:13)
  Erolcha (D:13)
  The ghost of paps the Protected, a journeyman DsGl of Gozag (D:11)
  11 hydras
  An ogre mage (D:6)
  A boulder beetle (D:12)
  3 catoblepae
  3 centaur warriors (D:13)
  5 two-headed ogres
  Urug (D:13)
  Nergalle (Lair:3)
  A lindwurm (Lair:6)
  2 wizards
  3 deep elf pyromancers
  5 manticores
  2 ugly things
  2 wolf spiders (Lair:3)
  3 cyclopes
  3 elephants
  5 black mambas
  Joseph (D:10)
  Maurice (D:8)
  A gargoyle (D:7)
  11 cane toads
  9 komodo dragons
  A kobold demonologist (D:12)
  3 rime drakes
  An efreet (D:14)
  A yaktaur (D:11)
  A queen bee (D:9)
  3 trolls
  A jumping spider (Lair:3)
  A jumping spider (shapeshifter) (D:10)
  A meliai (D:13)
  2 tyrant leeches (Lair:2)
  A wind drake (shapeshifter) (D:13)
  2 hornets
  3 blink frogs
  6 slime creatures
  7 dream sheep (Lair:6)
  A redback (Lair:3)
  A shadow (D:13)
  5 wyverns
  2 vampires
  A wraith (D:11)
  31 yaks
  12 humans
  A steam dragon (D:8)
  5 basilisks
  Grum (D:10)
  5 vampire mosquitoes
  19 water moccasins
  An ice beast (D:6)
  5 orc warriors
  A sky beast (D:6)
  3 necrophages
  2 black bears
  An ogre (D:7)
  5 centaurs
  2 phantoms
  29 wolves
  2 kobold brigands
  12 bullfrogs
  A wyvern zombie (D:8)
  A gnoll sergeant (D:6)
  3 scorpions
  2 water moccasin skeletons
  30 killer bees (D:9)
  3 wights (D:10)
  2 howler monkeys
  5 centaur zombies
  2 bullfrog zombies
  2 jellies
  8 orc priests
  A centaur skeleton (D:7)
  A gnoll shaman (D:7)
  2 bullfrog skeletons
  Ijyb (D:5)
  9 orc wizards
  2 iguanas (D:7)
  2 hound skeletons
  A mummy (D:5)
  Robin (D:3)
  A howler monkey skeleton (D:7)
  A howler monkey zombie (D:8)
  7 adders
  12 gnolls
  A river rat (D:6)
  2 shadow imps
  A white imp (D:6)
  2 adder skeletons
  3 worms
  A dart slug (D:3)
  19 orcs
  7 endoplasms
  5 giant cockroaches
  11 goblins
  10 hobgoblins
  3 jackals (D:4)
  22 kobolds
  10 quokkas
  6 ball pythons
  4 bats
  6 frilled lizards
  8 rats
482 creatures vanquished.

Vanquished Creatures (collateral kills)
  A hydra (Lair:5)
  A skeletal warrior (D:7)
  2 elephants (Lair:2)
  A tyrant leech (Lair:2)
  A blink frog (Lair:2)
  A gnoll shaman (D:9)
  An orc wizard (D:9)
  4 gnolls (D:9)
12 creatures vanquished.

Vanquished Creatures (others)
  A bullfrog (Lair:5)
  A kobold (D:7)
  27 fungi
  38 plants
67 creatures vanquished.

Grand Total: 561 creatures vanquished

Notes
Turn   | Place    | Note
-------+----------+-------------------------------------------
     0 | D:1      | GordonOverkill the Djinni Berserker began the quest for the
                  | Orb.
     0 | D:1      | Reached XP level 1. HP: 20/20 MP: 0/0
   102 | D:1      | Reached XP level 2. HP: 24/25 MP: 0/0
   283 | D:1      | Reached skill level 3 in Long Blades
   503 | D:1      | Found Docer's General Store.
   644 | D:1      | Reached XP level 3. HP: 30/30 MP: 0/0
   644 | D:1      | Learned a level 1 spell: Summon Small Mammal
   738 | D:1      | Found Temotouf's Antique Weapon Boutique.
  1327 | D:1      | Bought a potion of heal wounds for 50 gold pieces
  1670 | D:2      | Found Amuddure's Weapon Shoppe.
  1778 | D:2      | Found Liupsef's Distillery.
  1792 | D:2      | Found Zudgho's Distillery.
  2035 | D:2      | Reached XP level 4. HP: 35/35 MP: 0/0
  2162 | D:2      | Found Rir Ruc's Weapon Shop.
  2321 | D:2      | Reached ** piety under Trog
  2641 | D:3      | Reached XP level 5. HP: 40/40 MP: 0/0
  2641 | D:3      | Learned a level 2 spell: Corpse Rot
  2731 | D:3      | Noticed Robin
  2971 | D:3      | Killed Robin
  2972 | D:3      | Reached skill level 4 in Long Blades
  3094 | D:3      | Found a stormy altar of Qazlal.
  3375 | D:3      | Reached XP level 6. HP: 47/47 MP: 0/0
  3745 | D:3      | Found a faded altar of an unknown god.
  3926 | D:4      | Reached *** piety under Trog
  4149 | D:4      | Noticed a black bear
  4158 | D:4      | Killed a black bear
  4159 | D:4      | Reached skill level 5 in Long Blades
  4275 | D:4      | Reached XP level 7. HP: 53/53 MP: 0/0
  4275 | D:4      | Learned a level 2 spell: Static Discharge
  5402 | D:5      | Entered Level 5 of the Dungeon
  5441 | D:5      | Reached skill level 5 in Fighting
  5446 | D:5      | Reached skill level 6 in Long Blades
  5634 | D:5      | Reached XP level 8. HP: 50/59 MP: 0/0
  5774 | D:5      | Noticed Ijyb
  5785 | D:5      | Killed Ijyb
  5861 | D:5      | Found a snail-covered altar of Cheibriados.
  6143 | D:5      | Found an iron altar of Okawaru.
  6205 | D:5      | Reached skill level 7 in Long Blades
  6385 | D:5      | Found a staircase to the Ecumenical Temple.
  6810 | D:6      | Reached skill level 8 in Long Blades
  7044 | D:1      | Bought a scroll of enchant armour for 75 gold pieces
  7359 | D:6      | Reached skill level 9 in Long Blades
  7359 | D:6      | Reached XP level 9. HP: 65/65 MP: 0/0
  7359 | D:6      | Learned a level 4 spell: Olgreb's Toxic Radiance
  7891 | D:6      | Gained mutation: You are partially covered in iridescent
                  | scales. (AC +2) [potion of mutation]
  8201 | D:7      | Noticed a two-headed ogre
  8205 | D:7      | Noticed a komodo dragon
  8210 | D:7      | Killed a two-headed ogre
  8211 | D:7      | Reached skill level 10 in Long Blades
  8219 | D:7      | Reached skill level 11 in Long Blades
  8492 | D:7      | Found Iseaget's Gadget Gallery.
  8537 | D:7      | Reached **** piety under Trog
  8547 | D:7      | Reached XP level 10. HP: 68/70 MP: 0/0
  8787 | D:7      | Found a broken altar of Ashenzari.
  8995 | D:7      | Reached skill level 12 in Long Blades
  9246 | D:7      | Noticed an ogre mage
  9258 | D:7      | Noticed a wizard
  9269 | D:6      | Paralysed by something for 5 turns
  9283 | D:6      | Killed an ogre mage
  9401 | D:7      | Noticed a wizard
  9548 | D:7      | Killed a wizard
  9557 | D:7      | Killed a komodo dragon
  9558 | D:7      | Reached skill level 13 in Long Blades
  9580 | D:6      | Killed a wizard
  9749 | D:7      | Noticed a skeletal warrior
  9983 | D:8      | Found a staircase to the Lair.
 10011 | D:7      | Killed a skeletal warrior
 10012 | D:7      | Reached XP level 11. HP: 75/75 MP: 0/0
 10012 | D:7      | Learned a level 4 spell: Summon Lightning Spire
 10261 | D:7      | Reached skill level 14 in Long Blades
 10671 | D:7      | Noticed a four-headed hydra
 11239 | D:8      | Found a transporter.
 11244 | D:8      | Noticed a skeletal warrior
 11469 | D:8      | Found a white marble altar of Elyvilon.
 11872 | D:8      | Found a burning altar of Makhleb.
 12116 | D:8      | Noticed Maurice
 12227 | D:8      | Killed Maurice
 12629 | D:8      | Found a basalt altar of Yredelemnul.
 12633 | D:8      | Noticed a flayed ghost
 12641 | D:8      | Noticed a skeletal warrior
 12642 | D:8      | Found a transporter.
 12728 | D:9      | Found a staircase to the Orcish Mines.
 12891 | D:9      | Reached skill level 15 in Long Blades
 14181 | D:9      | Noticed a cyclops
 14188 | D:9      | Killed a cyclops
 14262 | D:9      | Found an opulent altar of Gozag.
 14262 | D:9      | Found a shadowy altar of Dithmenos.
 14270 | D:9      | Found a bloodstained altar of Trog.
 14272 | D:9      | Found a glowing golden altar of the Shining One.
 14807 | D:10     | Entered Level 10 of the Dungeon
 15046 | D:10     | Reached skill level 1 in Evocations
 15054 | D:10     | Reached XP level 12. HP: 81/81 MP: 0/0
 15436 | D:10     | Noticed Grum
 15467 | D:10     | Killed Grum
 15468 | D:10     | Reached skill level 16 in Long Blades
 15816 | D:10     | Noticed Joseph
 15834 | D:10     | Killed Joseph
 16435 | D:2      | Bought a +0 short sword of electrocution for 114 gold
                  | pieces
 16561 | Lair:1   | Entered Level 1 of the Lair of Beasts
 16574 | Lair:1   | Noticed a four-headed hydra
 16592 | Lair:1   | Killed a four-headed hydra
 16593 | Lair:1   | Reached skill level 5 in Evocations
 16755 | D:8      | Killed a four-headed hydra
 16922 | Lair:1   | Reached ***** piety under Trog
 17501 | D:8      | Reached skill level 5 in Armour
 17725 | Lair:1   | Noticed a five-headed hydra
 17749 | Lair:1   | Killed a five-headed hydra
 19003 | Lair:2   | Found a runed translucent door.
 19008 | Lair:2   | Noticed flestrin's ghost (journeyman MfIE)
 19261 | Lair:2   | Noticed a four-headed hydra
 19272 | Lair:2   | Killed a four-headed hydra
 19273 | Lair:2   | Reached XP level 13. HP: 92/92 MP: 0/0
 19273 | Lair:2   | Learned a level 5 spell: Manifold Assault
 19341 | Lair:2   | Found a staircase to the Swamp.
 20562 | Lair:3   | Noticed a seven-headed hydra
 20595 | Lair:3   | Killed a seven-headed hydra
 20973 | Lair:3   | Reached skill level 1 in Shields
 21461 | Lair:3   | Noticed Nergalle
 21483 | Lair:3   | Killed Nergalle
 22391 | Lair:3   | Found a hole to the Spider Nest.
 23556 | Lair:5   | Noticed an eight-headed hydra
 23563 | Lair:5   | Killed an eight-headed hydra
 23808 | Lair:5   | Noticed a five-headed hydra
 23823 | Lair:5   | Killed a five-headed hydra
 24013 | Lair:5   | Reached skill level 10 in Fighting
 24394 | Lair:5   | Noticed a catoblepas
 24406 | Lair:5   | Noticed an eight-headed hydra
 24488 | Lair:5   | Killed an eight-headed hydra
 24489 | Lair:5   | Reached skill level 5 in Shields
 24772 | Lair:4   | Killed a catoblepas
 24972 | Lair:5   | Found a viscous altar of Jiyva.
 24972 | Lair:5   | Found a staircase to the Slime Pits.
 25405 | Lair:5   | Identified a scroll of acquirement
 25406 | Lair:5   | Acquired the ring of Lytuc {rF+ Will+ Slay+6}
 25442 | Lair:6   | Entered Level 6 of the Lair of Beasts
 25501 | Lair:6   | Noticed a catoblepas
 25521 | Lair:6   | Killed a catoblepas
 25522 | Lair:6   | Reached XP level 14. HP: 98/103 MP: 0/0
 26818 | Lair:6   | Received a gift from Trog
 27118 | Lair:6   | Reached skill level 10 in Shields
 27312 | Lair:6   | Noticed a dire elephant
 27336 | Lair:6   | Killed a dire elephant
 27642 | Lair:6   | Identified the +5 rapier of Termination {venom, *Corrode
                  | rN+ Dex+4}
 27915 | D:11     | Found a runed translucent door.
 28319 | D:11     | Found Usmela's Assorted Antiques.
 28430 | D:11     | You are sucked into a shaft and drop 3 floors!
 28874 | D:13     | Noticed Urug
 28874 | D:13     | Noticed Rupert
 28874 | D:13     | Found a gate to the Vaults.
 28900 | D:11     | Bought a potion of heal wounds for 135 gold pieces
 28900 | D:11     | Bought a scroll labelled DEXIR UFFAWO for 27 gold pieces
 28900 | D:11     | Bought a silvery potion for 24 gold pieces
 28900 | D:11     | Bought a shiny lead wand for 108 gold pieces
 29200 | D:11     | Noticed paps's ghost (journeyman DsGl)
 29208 | D:11     | Killed paps's ghost
 29488 | D:12     | Reached XP level 15. HP: 107/107 MP: 0/0
 29488 | D:12     | Learned a level 6 spell: Summon Cactus Giant
 30261 | D:12     | Found Kil Ecy's Book Emporium.
 30640 | D:12     | You are sucked into a shaft and drop 1 floor!
 31052 | D:13     | Noticed Erolcha
 31063 | D:13     | Killed Erolcha
 31063 | D:13     | Received a gift from Trog
 31122 | D:13     | Killed Rupert
 31540 | D:13     | Killed Urug
 31703 | D:13     | Noticed Snorg
 31712 | D:13     | Killed Snorg
 31718 | D:13     | Acquired the +2 hood of the Assassin {Detection Stab+
                  | Stlth++}
 31718 | D:13     | Found the +2 hood of the Assassin {Detection Stab+ Stlth++}
 31859 | D:13     | HP: 2/160 [wolf spider simulacrum (36)]
 31859 | D:13     | Mangled by a slime creature

Illustrated notes

Levels and vault maps discovered:
D:1:      minmay_arrival_up_and_down, layout_rooms, serial_shops,
          nicolae_shop_waterfront, nicolae_lakefront_shop, interstate_on_off,
          lexackson_kobold_supper
D:2:      layout_loops_cross, serial_shops, shop, nicolae_shop_waterfront, shop,
          nicolae_diamond_shop, corner_web_ring, grunt_ministairs_3
D:3:      layout_rooms, nicolae_qazlal_eye_of_the_storm,
          shapermc_ecumenical_altar_hornbeckon, minmay_quadrilaterals,
          uniq_robin
D:4:      layout_gridville
D:5:      layout_loops_cross, slow_altar_1, overflow_temple_1_default,
          temple_green, minmay_misc_feat_encased, uniq_ijyb
D:6:      layout_basic, gup_sewer_entry_spiral
D:7:      minmay_the_grid_plus_closed [minmay_the_grid_broken_lines,
          minmay_the_grid_tri_star, minmay_the_grid_box_x,
          minmay_the_grid_spin_star, minmay_the_grid_prize_inner_circle],
          layout_loops_ring, ashenzari_altar_1, nicolae_shop_gadgets
D:8:      layout_loops_cross, makhleb_blood_cavern_becter,
          gammafunk_temple_of_torment, elyvilon_altar_5, uniq_maurice
D:9:      wad_pebble_path, layout_loops_corners,
          chequers_temple_overflow_minitemple, orc_0_dummy, special_room
          [special_room_bee], roderic_filled_cross
D:10:     layout_loops_corners, uniq_joseph, uniq_grum
D:11:     layout_roguey, serial_shops, nicolae_stop_n_shop_1,
          ebering_ghost_reflecting_pool
D:12:     layout_loops_ring, serial_shops, shop, nicolae_sif_muna_condensation
D:13:     minmay_bloctagon, layout_basic, david_vaults_3,
          chequers_serial_rivers_marsh, uniq_rupert, uniq_snorg, uniq_erolcha
D:14:     layout_irregular_city, serial_rivers, chequers_serial_rivers_micro_e,
          chequers_serial_rivers_large_b, chequers_serial_rivers_large_a,
          chequers_serial_rivers_micro_e, nicolae_two_hexagons
Lair:1:   layout_hall_layers, serial_bayou_pond_d, grunt_megastairs_4
Lair:2:   layout_chaotic_city, minmay_swamp_entry_worms,
          ebering_ghost_reflecting_pool, chequers_serial_rivers_small_3
Lair:3:   layout_hall_layers, spider_nest_entry_funnel_web,
          chequers_serial_rivers_marsh, lemuel_fruit_fields, uniq_nergalle
Lair:4:   layout_regular_city, minmay_hedge_maze
Lair:5:   layout_regular_city, slime_altar_1, lookout_lair_type
Lair:6:   hangedman_lair_in_review, layout_misc_corridors,
          gauntlet_entry_generic, minivault_19

Skill      XL: |  1  2  3  4  5  6  7  8  9 10 11 12 13 14 15 |
---------------+----------------------------------------------+-----
Long Blades    | 3 4 5 6 9 11 13 15 16 | 16.0
Armour         | 3 6 9 |  9.0
Dodging        | 3 |  3.0
Fighting       | 4 5 7 10 | 10.0
Evocations     | 1 5 6 8 |  8.6
Shields        | 6 11 13 | 13.2

Action                   |  1- 3 |  4- 6 |  7- 9 | 10-12 | 13-15 || total
-------------------------+-------+-------+-------+-------+-------++-------
Melee: Falchion          |    83 |   171 |   239 |   196 |       ||   689
       Dagger            |       |       |    14 |       |       ||    14
       Scimitar          |       |       |       |   654 |   700 ||  1354
       Unarmed           |       |       |       |     3 |       ||     3
       Short sword       |       |       |       |    54 |    51 ||   105
       Long sword        |       |       |       |       |   116 ||   116
       Double sword      |       |       |       |       |    50 ||    50
Throw: Throwing net      |       |       |     1 |       |       ||     1
Invok: Berserk           |    15 |    15 |    21 |    49 |    43 ||   143
       Trog's Hand       |       |       |       |     7 |       ||     7
       Brothers in Arms  |       |       |       |     2 |     3 ||     5
Evoke: Wand              |       |       |       |     5 |    12 ||    17
       Phantom mirror    |       |       |       |       |     1 ||     1
  Use: Scroll            |     3 |     3 |     3 |     7 |    23 ||    39
       Potion            |       |       |     1 |     3 |     1 ||     5
 Stab: Sleeping          |     1 |       |       |       |       ||     1
       Petrified         |       |       |       |       |     7 ||     7
       Petrifying        |       |       |       |       |     1 ||     1
       Distracted        |       |       |       |       |     1 ||     1
Armor: Plate armour      |    30 |   139 |   151 |   537 |   586 ||  1443
       Animal skin       |     1 |       |       |       |       ||     1
       Skin              |       |    28 |       |     3 |       ||    31
Dodge: Dodged            |    20 |    57 |    55 |   247 |   134 ||   513
Block: Tower shield      |       |       |       |       |   635 ||   635

Table legend: (Time is in decaauts)
 A = Elapsed time spent in this place.
 B = Non-inter-level travel time spent in this place.
 C = Inter-level travel time spent in this place.
 D = Time resting spent in this place.
 E = Time spent auto-exploring this place.
 F = Levels seen in this place.
 G = Mean time per level.
                   A        B        C        D        E       F      G
               +--------+--------+--------+--------+--------+-----+--------+
         Total |  32895 |  31209 |   1686 |  14432 |  10817 |  20 | 1644.8 |
       Dungeon |  22364 |  21121 |   1243 |   9791 |   7162 |  14 | 1597.4 |
          Lair |  10530 |  10088 |    442 |   4641 |   3655 |   6 | 1755.0 |
               +--------+--------+--------+--------+--------+-----+--------+

Top non-repeatable levels by time:
     D:8: 2802 daAuts
  Lair:2: 2403 daAuts
     D:7: 2316 daAuts
  Lair:6: 2301 daAuts
     D:9: 2119 daAuts
     D:6: 2087 daAuts
  Lair:3: 2047 daAuts
  Lair:5: 2017 daAuts
     D:2: 1860 daAuts
     D:4: 1723 daAuts
     D:1: 1632 daAuts
    D:12: 1560 daAuts
    D:10: 1539 daAuts
     D:5: 1284 daAuts
    D:13: 1122 daAuts
